 Dungeon Crawl Stone Soup version 0.21.1-1-g345015f (webtiles) character file.

235 Yawgmoth the Magician (level 6, 0/49 HPs)
             Began as a Naga Wizard on Feb 11, 2018.
             Slain by an ogre
             ... wielding a +0 giant club
              (20 damage)
             ... on level 3 of the Dungeon.
             The game lasted 00:14:46 (3068 turns).

Yawgmoth the Magician (Naga Wizard)                 Turns: 3068, Time: 00:14:46

Health: 0/49       AC:  6    Str:  9    XL:     6   Next: 5%
Magic:  13/13      EV:  9    Int: 23    God:
Gold:   113        SH:  0    Dex: 13    Spells: 13/14 levels left

rFire    . . .     SeeInvis +   q - +5 short sword "Demonbane" {flame, Fragile rN++ Dex+4}
rCold    . . .     Gourm    .   (no shield)
rNeg     + + .     Faith    .   i - +3 leather armour
rPois    +         Spirit   .   b - +0 hat
rElec    .         Reflect  .   (no cloak)
rCorr    .         Harm     .   (no gloves)
MR       .....                  (no barding)
Stlth    ++........             (no amulet)
HPRegen  0.16/turn              o - +2 ring of intelligence
MPRegen  0.13/turn              (no ring)

@: short of breath, very slow
A: large, see invisible, deformed body, poison resistance, slowness 2, slow
metabolism 1, spit poison 1, AC +2
a: Spit Poison


You were on level 3 of the Dungeon.
You were not hungry.

You visited 1 branch of the dungeon, and saw 4 of its levels.

You collected 113 gold pieces.

Inventory:

Hand Weapons
 a - a +0 halberd
   (You found it on level 3 of the Dungeon)
 e - a +0 dagger of speed
   (You took it off a goblin on level 3 of the Dungeon)
 k - a +0 battleaxe
   (You found it on level 3 of the Dungeon)
 q - the +5 short sword "Demonbane" (weapon) {flame, Fragile rN++ Dex+4}
   (You found it on level 4 of the Dungeon)

   It has been specially enchanted to burn those struck by it, causing extra
   injury to most foes and up to half again as much damage against particularly
   susceptible opponents.
   It affects your dexterity (+4).
   It greatly protects you from negative energy.
   It will be destroyed if unequipped.
Armour
 b - a +0 hat (worn)
 i - a +3 leather armour (worn)
   (You found it on level 1 of the Dungeon)
Jewellery
 o - a +2 ring of intelligence (left hand)
   (You found it on level 4 of the Dungeon)
Wands
 n - a wand of polymorph (9)
   (You found it on level 4 of the Dungeon)
Scrolls
 d - a scroll of blinking {unknown}
 f - 2 scrolls of identify
 h - a scroll of noise {unknown}
 j - a scroll of amnesia {unknown}
Potions
 g - a potion of brilliance {unknown}
Books
 c - a book of Minor Magic
Comestibles
 p - 2 chunks of flesh {@w0}


   Skills:
 - Level 0.9 Axes
 - Level 1.5 Dodging
 - Level 3.0 Stealth
 + Level 4.7 Spellcasting
 + Level 4.0 Conjurations
   Level 1.0 Summonings
   Level 1.0 Translocations


You had 13 spell levels left.
You knew the following spells:

 Your Spells              Type           Power        Failure   Level  Hunger
a - Magic Dart            Conj           ###.         2%          1    None


Dungeon Overview and Level Annotations

Branches:
Dungeon (4/15)
 Temple: D:4-7

Altars:
Dithmenos
Hepliaklqana

Annotations:
D:4 bmj180's ghost, amateur MiFi


Innate Abilities, Weirdness & Mutations

You cannot wear boots.
Your serpentine skin is tough. (AC +2)
You have supernaturally acute eyesight. (SInv)
Armour fits poorly on your strangely shaped body.
Your system is resistant to poisons. (rPois)
You cover ground very slowly.
You have a slow metabolism.
You can spit poison.


Message History

Really target yourself?
Okay, then.
Unknown command.
Unknown command.
Aim: an ogre, wielding a giant spiked club (hasn't noticed you)
The magic dart hits the ogre.
The ogre shouts!
You now have 10/11 mp.
Aim: an ogre, wielding a giant spiked club (moderately wounded)
The splash of poison misses the ogre.
You feel slightly more hungry.
Aim: an ogre, wielding a giant spiked club (moderately wounded)
The magic dart hits the ogre.
You now have 9/11 mp.
Aim: an ogre, wielding a giant spiked club (moderately wounded)
The magic dart hits the ogre.
You now have 8/11 mp.
Aim: an ogre, wielding a giant spiked club (moderately wounded)
The magic dart hits the ogre.
You now have 7/11 mp.
You have got your breath back.
Aim: an ogre, wielding a giant spiked club (heavily wounded)
The splash of poison misses the ogre.
You feel slightly more hungry. The ogre closely misses you.
You closely miss the ogre.
The ogre hits you with a giant spiked club!!
You take 18 damage, and have 19/42 hp.
MASSIVE DAMAGE!!
Okay, then.
Unknown command.
Unknown command.
It was a potion of heal wounds.
You feel much better.
Health restored: 42 You hit the ogre.
You burn the ogre. The ogre closely misses you.
You hit the ogre. You burn the ogre. The ogre closely misses you.
You hit the ogre. You burn the ogre.
You have got your breath back.
The ogre closely misses you.
Aim: an ogre, wielding a giant spiked club (almost dead)
The splash of poison hits the ogre.
The ogre is poisoned.
You kill the ogre!
Your Conjurations skill increases to level 4!
You have reached level 6!
Your experience leads to an increase in your attributes!
Your base attributes are Str 9, Int 20, Dex 9.
Increase (S)trength, (I)ntelligence, or (D)exterity?
You feel clever.
Your skin feels tougher.
You feel slightly more hungry.
Health restored: 49
Things that are here:
a giant spiked club; an ogre corpse You butcher the ogre corpse.
You have got your breath back.
p - 3 chunks of flesh {@w0} (gained 2)
Things that are here:
a giant spiked club; an ogre skeleton You start resting.
MP restored: 13 Some of the chunks of flesh in your inventory have rotted away.
You see here a spear.
You enter a teleport trap!
The teleport trap disappears.
Your surroundings suddenly seem different.
A frilled lizard, a hound and an ogre come into view.
Found a stone staircase leading down.
The ogre shouts!
The hound barks!
The frilled lizard hisses angrily.
The ogre moves out of view.
The hound barely misses you.
The hound bites you but does no damage. x2
The hound bites you but does no damage. The hound bites you but does no damage.
The hound bites you.
You take 4 damage, and have 45/49 hp.
The hound closely misses you. The hound bites you.
You take 2 damage, and have 43/49 hp.
You open the door.
The hound bites you but does no damage. x2
The frilled lizard bites you but does no damage.
The hound bites you.
There is an open door here.
You take 1 damage, and have 42/49 hp.
The hound bites you but does no damage. The hound barely misses you.
The hound barely misses you. The hound bites you.
You take 5 damage, and have 37/49 hp.
The hound barely misses you. The frilled lizard barely misses you.
Okay, then.
The hound bites you.
There is a stone staircase leading up here.
You take 1 damage, and have 36/49 hp.
The hound barely misses you. The frilled lizard bites you.
The ogre hits you with a giant club! The hound closely misses you.
You climb upwards.
There is a stone staircase leading down here.
You take 15 damage, and have 21/49 hp.
MASSIVE DAMAGE!!
Aim: an ogre, wielding a giant club The splash of poison hits the ogre.
You feel slightly more hungry. The hound bites you.
The frilled lizard closely misses you. The ogre hits you with a giant club!!
You die...

##.....###.## ##.####≈≈≈..).≈≈#
###.......#.## ##.##≈≈)......≈≈
.............## ##..#≈≈.........≈
###.......#...###..##≈.)#####...≈
##......#.#......#≈≈..#....#..≈
#....#.#.#......#≈...#.#.#...≈
#.#.##.#.##..)###≈..#..[.#..≈≈
#.#.##.#.##.h.###≈...#####..≈#
#.#.##.##...O@..#≈.........≈≈#
#.###...###.l####≈≈.......≈≈##
#.##.....##....###≈≈....≈≈≈##
##.#.......#....# ##≈≈≈≈≈≈###
#......_........# #########
#.##.......#....# #....##.#
#.###.....##....# #.##.##.#
#.####...##..#### #......(#
#....##.##..## ####.####


You could see an ogre, a hound and a frilled lizard.

Vanquished Creatures
  An ogre (D:4)
  A scorpion (D:4)
  A worker ant (D:3)
  2 adders (D:4)
  2 worms
  2 dart slugs
  4 leopard geckos
  An orc (D:3)
  6 goblins
  5 hobgoblins
  2 jackals
  7 kobolds
  A ball python (D:1)
  3 bats
  6 frilled lizards
  5 rats
49 creatures vanquished.

Notes
Turn   | Place    | Note
-------+----------+-------------------------------------------
     0 | D:1      | Yawgmoth the Naga Wizard began the quest for the Orb.
     0 | D:1      | Reached XP level 1. HP: 15/15 MP: 4/4
   308 | D:1      | Reached XP level 2. HP: 22/22 MP: 3/6
   809 | D:1      | Reached skill level 2 in Conjurations
   862 | D:1      | Reached XP level 3. HP: 28/28 MP: 3/7
  1326 | D:1      | You fall through a shaft!
  1592 | D:3      | Reached XP level 4. HP: 35/36 MP: 1/9
  1670 | D:3      | Found a shadowy altar of Dithmenos.
  1693 | D:3      | Found a hazy altar of Hepliaklqana.
  2464 | D:4      | Reached skill level 4 in Spellcasting
  2464 | D:4      | Reached skill level 3 in Conjurations
  2464 | D:4      | Reached XP level 5. HP: 41/42 MP: 4/11
  2827 | D:4      | Got a jewelled short sword
  2828 | D:4      | Identified the +5 short sword "Demonbane" {flame, Fragile rN++ Dex+4} (You found it on level 4 of the Dungeon)
  2833 | D:4      | Noticed bmj180's ghost (amateur MiFi)
  2980 | D:4      | Noticed an ogre
  2992 | D:4      | Killed an ogre
  2992 | D:4      | Reached skill level 4 in Conjurations
  2992 | D:4      | Reached XP level 6. HP: 49/49 MP: 8/13
  3068 | D:3      | Slain by an ogre

Skill      XL: |  1  2  3  4  5 |
---------------+----------------+-----
Conjurations   | 2 3 4 |  4.0
Spellcasting   | 4 |  4.7
Axes           | |  0.9
Dodging        | |  1.5
Stealth        | |  3.0
Summonings     | |  1.0
Translocations | |  1.0

Action                   |  1- 3 |  4- 6 || total
-------------------------+-------+-------++-------
Melee: Spear             |    40 |       ||    40
       Battleaxe         |     4 |     8 ||    12
       Short sword       |       |     6 ||     6
 Cast: Magic Dart        |    79 |    54 ||   133
 Abil: Spit Poison       |     5 |     6 ||    11
  Use: Scroll            |       |     2 ||     2
       Potion            |       |     1 ||     1
 Stab: Sleeping          |       |     2 ||     2
  Eat: Chunk             |     1 |     2 ||     3
       Ration            |       |     1 ||     1
Armor: Leather armour    |    45 |    11 ||    56
Dodge: Dodged            |    43 |    19 ||    62

Vault maps used:
D:1:      minmay_arrival_hallway
D:2:      first_ration, wad_orctagon
D:3:      nicolae_overflow_crystal_walls, lemuel_round_altar,
          serial_bayou_pond_a, kennysheep_potato

Table legend:
 A = Turns spent in this place as a percentage of turns spent in the entire game.
 B = Non-inter-level travel turns spent in this place as a percentage of non-inter-level travel turns spent in the entire game.
 C = Inter-level travel turns spent in this place as a percentage of turns spent in this place.
 D = Turns resting spent in this place as a percentage of non-inter-level travel turns spent in this place.
 E = Turns spent auto-exploring this place as a percentage of non-inter-level travel turns spent in this place.
 F = Non-inter-level travel turns spent in this place divided by the number of levels of this place that you've seen.
                   A       B       C       D       E      F
               +-------+-------+-------+-------+-------+----------------------
         Total | 100.0 | 100.0 |   3.0 |  41.9 |  40.3 | 744.0
       Dungeon | 100.0 | 100.0 |   3.0 |  41.9 |  40.3 | 744.0
               +-------+-------+-------+-------+-------+----------------------

Table legend:
 A = Kills in this place as a percentage of kills in entire the game.
 B = Kills by you in this place as a percentage of kills by you in the entire game.
 C = Kills by friends in this place as a percentage of kills by friends in the entire game.
 D = Other kills in this place as a percentage of other kills in the entire game.
 E = Experience gained in this place as a percentage of experience gained in the entire game.
 F = Experience gained in this place divided by the number of levels of this place that you have seen.
                   A       B       C       D       E      F
               +-------+-------+-------+-------+-------+----------------------
         Total | 100.0 | 100.0 |   N/A |   N/A | 100.0 |  84.0
       Dungeon | 100.0 | 100.0 |   N/A |   N/A | 100.0 |  84.0
               +-------+-------+-------+-------+-------+----------------------
